 Dungeon Crawl Stone Soup version 0.17-a0-1262-gd250d98 (webtiles) character file.

7476 nuthulu the Blocker (level 11, -6/68 HPs)
             Began as a Gargoyle Fighter on June 6, 2015.
             Was an Elder of Okawaru.
             Mangled by a shadow wraith (8 damage)
             ... on level 1 of the Abyss.
             The game lasted 00:47:19 (11755 turns).

nuthulu the Blocker (Gargoyle Fighter)             Turns: 11755, Time: 00:47:19

Health: -6/68      AC: 24    Str: 28    XL:     11   Next: 15%
Magic:  11/11      EV:  2    Int:  9    God:    Okawaru [****..]
Gold:   323        SH: 31    Dex:  9    Spells: 0 memorised, 10 levels left

rFire  . . .     SeeInvis .     a - +5 flail
rCold  . . .     Clarity  +     w - +0 plate armour
rNeg   + + .     SustAt   +     p - +18 shield of the gong {rElec rN+ MR+ EV-5}
rPois  ∞         Gourm    .     (no helmet)
rElec  +         Spirit   .     q - +1 cloak
rCorr  .         Warding  .     (no gloves)
rMut   .         Stasis   .     B - +0 pair of boots
MR     +....                    f - amulet of clarity
Stlth  ..........               h - ring of sustain attributes
                                m - +5 ring of strength

@: somewhat resistant to hostile enchantments, extremely unstealthy
A: negative energy resistance 1, electricity resistance, unbreathing,
petrification resistance, rot immunity, AC +7
a: Heroism, Renounce Religion


You were on level 1 of the Abyss.
You worshipped Okawaru.
Okawaru was greatly pleased with you.
You were full.

You visited 2 branches of the dungeon, and saw 11 of its levels.
You visited the Abyss 1 time.

You collected 518 gold pieces.
You spent 195 gold pieces at shops.

Inventory:

Hand weapons
 a - a +5 flail (weapon)
 C - a +5 blowgun
 D - the +5 quarterstaff of the Rat {distort, +Fly rC+ MR- Int+4}
   (You found it on level 8 of the Dungeon)

   It warps and distorts space around it.
   Unwielding it can cause banishment or high damage.
   It affects your intelligence (+4).
   It protects you from cold.
   It affects your resistance to hostile enchantments.
   It lets you fly.
Missiles
 E - 9 curare-tipped needles (quivered)
Armour
 c - a +1 shield
 p - the +18 shield of the gong (worn) {rElec rN+ MR+ EV-5}
   (You found it on level 8 of the Dungeon)

   It affects your evasion (-5).
   It insulates you from electricity.
   It protects you from negative energy.
   It affects your resistance to hostile enchantments.
 q - a +1 cloak (worn)
 t - a +2 buckler
 w - a +0 plate armour (worn)
 B - a +0 pair of boots (worn)
Jewellery
 b - a +3 ring of evasion
 f - an amulet of clarity (around neck)
 h - a ring of sustain attributes (right hand)
 m - a +5 ring of strength (left hand)
 s - an uncursed ring of magical power
 H - an uncursed ring of fire
Magical devices
 y - a wand of magic darts (25)
 z - a wand of fireball (7)
 A - a wand of disintegration (19)
 K - a wand of teleportation (2)
 L - a wand of enslavement (11)
Scrolls
 l - 3 scrolls of magic mapping
 r - 3 scrolls of teleportation
 u - 6 scrolls of remove curse
 v - a scroll of recharging
 I - a scroll of identify
Potions
 d - 2 potions of might
 g - 8 potions of curing
 i - 5 potions of heal wounds
 o - a potion of flight
 x - a potion of resistance
 G - 2 potions of agility
Comestibles
 e - 5 bread rations
 j - 5 meat rations
 k - a royal jelly
 n - a beef jerky
 F - 12 fruits


   Skills:
 * Level 7.9 Fighting
 * Level 9.1 Maces & Flails
 * Level 7.8 Armour
 + Level 1.9 Stealth
 * Level 12.2 Shields


You had 10 spell levels left.
You didn't know any spells.

Dungeon Overview and Level Annotations

Branches:
Dungeon (10/15)            Temple (1/1) D:5             Orc (0/4) D:9
   Lair: D:8-11

Altars:
Ashenzari
Cheibriados
Dithmenos
Elyvilon
Fedhas
Gozag
Kikubaaqudgha
Makhleb
Nemelex Xobeh
Okawaru
Qazlal
Ru
Sif Muna
Trog
Vehumet
Xom
Yredelemnul
Zin
The Shining One

Shops:
D:4 %[!   D:5 [

Annotations:
D:9 exclusion: obsidian statue


Innate Abilities, Weirdness & Mutations

You are resistant to torment.
Your stone body is resilient (AC +7).
You are immune to poison.
You resist negative energy.
You are resistant to electric shocks.
You can survive without breathing.
You are immune to petrification.
You are immune to rotting.


Message History

You hear a shout!
Something shouts, "Give up, thou beslubbering tip-merry mammet!"
You miss something. You block the quasit's attack.
GONNNNG!
You block the quasit's attack.
GONNNNG!
The quasit claws you but does no damage.
Something hits you!
* * * LOW HITPOINT WARNING * * *
The small abomination hits you but does no damage.
You hit something. You block the quasit's attack.
PTOANNNG!
You block the quasit's attack.
GONNNNG!
You block the quasit's attack.
GONNNNG!
Something touches you but does no damage.
The small abomination hits you but does no damage.
Something hits you!
You die...

## #. #. ... ##
..#.. .. ##
.... . ## .##X#
..#...
...#..#.###x..#
#.#.. #@x5# #
..#.##.5x#
#.... .##*## .
#.. X.#Z# ...
##..# ...# .
..p####.##
#.##...##.. L##
..# #.#.. .# #
# .# #


You could see a wretched star, a thrashing horror, 3 small abominations, a
quasit, an ufetubus and a snapping turtle skeleton.

Vanquished Creatures
  The ghost of HEYYEYAAE the Gusty, an experienced HuAE of Vehumet (D:8)
  Sonja (D:9)
  An efreet (Abyss:1)
  4 wandering mushrooms (D:8)
  Grinder (D:5)
  A wyvern (D:9)
  A hungry ghost (D:8)
  2 hippogriffs (D:9)
  The ghost of Oddysee the Grasshopper, an average DrWr (D:3)
  A steam dragon (D:9)
  2 water moccasins
  A black bear (D:10)
  3 orc warriors
  A wasp (D:9)
  A centaur (D:5)
  A sky beast (D:9)
  2 phantoms
  8 ogres
  A big kobold (D:9)
  2 giant frogs
  A wyvern zombie (D:8)
  3 scorpions
  2 oklob saplings (D:8)
  7 wights
  5 killer bees
  3 crimson imps (D:9)
  A giant frog skeleton (D:10)
  2 centaur skeletons
  A jelly (D:9)
  5 hounds
  Crazy Yiuf (D:4)
  2 orc priests
  14 orc wizards
  7 iguanas
  5 worker ants
  A hound zombie (D:8)
  3 worker ant zombies
  5 gnolls
  2 river rats (D:5)
  16 adders
  2 shadow imps (D:5)
  4 oozes
  4 adder skeletons
  2 adder zombies
  2 worms
  4 giant geckos
  32 orcs
  A bat skeleton (D:4)
  7 giant cockroaches
  22 hobgoblins
  21 kobolds
  2 ball pythons
  18 bats
  A giant gecko skeleton (D:4)
  8 giant newts
  13 goblins
  A jackal skeleton (D:8)
  4 quokkas
  A quokka skeleton (D:9)
  13 rats
284 creatures vanquished.

Notes
Turn   | Place    | Note
--------------------------------------------------------------
     0 | D:1      | nuthulu the Gargoyle Fighter began the quest for the Orb.
     0 | D:1      | Reached XP level 1. HP: 14/14 MP: 1/1
   285 | D:1      | Reached XP level 2. HP: 16/19 MP: 2/2
   525 | D:1      | Reached XP level 3. HP: 23/23 MP: 3/3
   544 | D:1      | Reached skill level 4 in Shields
  1526 | D:2      | Reached XP level 4. HP: 26/29 MP: 4/4
  1683 | D:2      | Found a snail-covered altar of Cheibriados.
  2054 | D:3      | Noticed Oddysee's ghost (average DrWr)
  2131 | D:3      | Reached XP level 5. HP: 33/33 MP: 5/5
  2173 | D:3      | Noticed an ogre
  2181 | D:3      | Killed an ogre
  2181 | D:3      | Reached skill level 5 in Shields
  2555 | D:3      | Killed Oddysee's ghost
  2555 | D:3      | Reached XP level 6. HP: 22/39 MP: 6/6
  3086 | D:4      | Found Mugiagis's Armour Shop.
  3118 | D:4      | Reached XP level 7. HP: 24/44 MP: 7/7
  3278 | D:4      | Found a shattered altar of Ashenzari.
  3385 | D:4      | Reached skill level 6 in Shields
  3645 | D:4      | Noticed Crazy Yiuf
  3650 | D:4      | Killed Crazy Yiuf
  3872 | D:4      | Found Nonkeh's Food Boutique.
  4043 | D:4      | Found Xoebral's Distillery.
  4063 | D:4      | Bought a potion of heal wounds for 65 gold pieces
  4063 | D:4      | Bought a potion of heal wounds for 65 gold pieces
  4063 | D:4      | Bought a potion of heal wounds for 65 gold pieces
  4165 | D:5      | Entered Level 5 of the Dungeon
  4165 | D:5      | Found a glowing silver altar of Zin.
  4165 | D:5      | Found a shimmering altar of Xom.
  4165 | D:5      | Noticed an angel
  4191 | D:4      | Reached skill level 5 in Fighting
  4238 | D:5      | Noticed Grinder
  4276 | D:4      | Reached skill level 5 in Armour
  4355 | D:5      | Killed Grinder
  4355 | D:5      | Reached skill level 5 in Maces & Flails
  4355 | D:5      | Reached skill level 7 in Shields
  4355 | D:5      | Reached XP level 8. HP: 25/49 MP: 8/8
  5180 | D:5      | Found Fizol's Antique Armour Shop.
  5221 | D:5      | Found a staircase to the Ecumenical Temple.
  5230 | Temple   | Entered the Ecumenical Temple
  5391 | Temple   | Became a worshipper of Warmaster Okawaru
  5838 | D:5      | Gained mutation: You are frail (-10% HP). [potion of mutation]
  5838 | D:5      | Gained mutation: Your spells are a little easier to cast, but a little less powerful. [potion of mutation]
  5838 | D:5      | Gained mutation: You are very frail (-20% HP). [potion of mutation]
  6077 | D:6      | Reached skill level 8 in Shields
  6227 | D:6      | Reached XP level 9. HP: 42/44 MP: 9/9
  6507 | D:6      | Acquired Okawaru's first power
  6828 | D:7      | Found a stormy altar of Qazlal.
  6927 | D:7      | Reached skill level 1 in Stealth
  7096 | D:7      | Lost mutation: Your spells are a little easier to cast, but a little less powerful. [potion of cure mutation]
  7096 | D:7      | Lost mutation: You are very frail (-20% HP). [potion of cure mutation]
  7096 | D:7      | Lost mutation: You are frail (-10% HP). [potion of cure mutation]
  7166 | D:7      | Found an ancient bone altar of Kikubaaqudgha.
  7394 | D:7      | Reached skill level 9 in Shields
  8082 | D:8      | Found a shadowy altar of Dithmenos.
  8083 | D:8      | Noticed HEYYEYAAE's ghost (experienced HuAE)
  8110 | D:8      | Paralysed by HEYYEYAAE's ghost for 3 turns
  8125 | D:8      | Killed HEYYEYAAE's ghost
  8126 | D:8      | Found a glowing golden altar of the Shining One.
  8135 | D:8      | Found a deep blue altar of Sif Muna.
  8152 | D:8      | Got a twisted quarterstaff
  8153 | D:8      | Identified the +5 quarterstaff of the Rat {distort, +Fly rC+ MR- Int+4} (You found it on level 8 of the Dungeon)
  8235 | D:8      | Reached XP level 10. HP: 61/61 MP: 10/10
  8451 | D:8      | Noticed a wandering mushroom
  8463 | D:8      | Killed a wandering mushroom
  8463 | D:8      | Reached skill level 10 in Shields
  8467 | D:8      | Noticed a wandering mushroom
  8467 | D:8      | Noticed a wandering mushroom
  8476 | D:8      | Killed a wandering mushroom
  8487 | D:8      | Killed a wandering mushroom
  8488 | D:8      | Noticed a wandering mushroom
  8494 | D:8      | Killed a wandering mushroom
  8564 | D:8      | Found a blossoming altar of Fedhas.
  9555 | D:9      | Noticed an obsidian statue
  9583 | D:9      | Noticed a sixfirhy
 10191 | D:9      | Found a staircase to the Orcish Mines.
 10261 | D:9      | Reached skill level 11 in Shields
 10837 | D:10     | Entered Level 10 of the Dungeon
 11166 | D:10     | Noticed Sonja
 11201 | D:9      | Killed Sonja
 11201 | D:9      | Reached skill level 12 in Shields
 11201 | D:9      | Reached XP level 11. HP: 68/68 MP: 11/11
 11611 | D:10     | Cast into the Abyss (orc wizard)
 11729 | Abyss:1  | Noticed a thrashing horror
 11745 | Abyss:1  | Noticed a death knight
 11745 | Abyss:1  | Noticed a lich
 11754 | Abyss:1  | HP: 1/68 [something (13)]
 11755 | Abyss:1  | Mangled by a shadow wraith

Vault maps used:
D:1:      dpeg_arrival_tiny_a
D:2:      lemuel_doored_altar, minmay_misc_feat_tower, minmay_fountain_box
D:3:      serial_park_tiny_1
D:4:      first_bread, serial_shops, shop, nicolae_shop_stone, shop_fountains,
          evilmike_ruin_ashenzari, uniq_crazy_yiuf_cottage
D:5:      grunt_temple_overflow_order_and_chaos_1, minmay_temple_entry_trees,
          portal_sewer_entry_e, serial_shops, kennysheep_mini_moat, uniq_grinder
D:6:      grunt_decor_fettered
D:7:      nicolae_overflow_crystal_walls, basic_altar,
          kennysheep_generic_room_14
D:8:      grunt_temple_overflow_open, kennysheep_mini, hangedman_tree_tricks
D:9:      orc_0_dummy, minmay_protected_statue
D:10:     lair_0_dummy, serial_shops, shop, eino_tiny_chamber, st_stairs_5,
          uniq_sonja
Temple:   dpeg_five_rooms_temple_12

Action                   |  1- 3 |  4- 6 |  7- 9 | 10-12 || total
-------------------------+-------+-------+-------+-------++-------
Melee: Flail             |   155 |   151 |   470 |   415 ||  1191
  Use: Scroll            |     5 |     4 |     9 |     4 ||    22
       Potion            |     2 |     3 |     9 |     5 ||    19
 Stab: Invisible         |       |       |     3 |     1 ||     4
  Eat: Chunk             |     2 |     3 |     3 |     5 ||    13
       Meat ration       |       |     1 |       |       ||     1
       Royal jelly       |       |       |     1 |       ||     1
       Bread ration      |       |       |     2 |     2 ||     4
       Fruit             |       |       |       |     6 ||     6
